Map: White Rabbit LE

Players

HoldTheDoor

  • Race: Protoss Protoss
  • League: Diamond
  • Spawn Location: 7:00

Svorceta - Winner!

  • Race: Terran Terran
  • League: Diamond
  • Spawn Location: 1:00

VOD

Have the link to the VOD?

Description

Time

  • Played on: May 17, 2026, 11:24 a.m.
  • Length: 19:09
Show
View Real Time Build Order
Export as new Build Order

HoldTheDoor Protoss 

Build Orders: 1 Gate Expand, Phoenix Opening 

Get SALT Encoding   

  12  0:00  Probe  
  13  0:12  Probe  
  14  0:17  Pylon  
  14  0:24  Probe  
  15  0:32  Probe  
  15  0:38  Gateway  
  15  0:40  Probe  
  16  0:49  Assimilator  
  17  0:51  Probe  
  18  1:03  Probe  
  19  1:06  Pylon  
  19  1:15  Probe  
  20  1:27  Probe  
  20  1:28  Cybernetics Core  
  21  1:37  Nexus  
  21  1:40  Probe  
  21  1:46  Assimilator  
  22  1:54  Pylon, Probe  
  23  2:05  Adept  
  23  2:12  Probe  
  26  2:16  Warp Gate  
  26  2:24  Probe  
  26  2:26  Pylon  
  27  2:35  Sentry  
  27  2:36  Probe  
  30  2:40  Phoenix  
  30  2:53  Probe  
  30  2:54  Probe  
  32  3:00  Robotics Facility  
  32  3:09  Probe  
  33  3:14  Shield Battery  
  33  3:27  Probe x2  
  35  3:45  Probe x2  
  37  3:54  Immortal  
  37  3:57  Probe, Pylon  
  37  3:58  Shield Battery  
  37  4:01  Stargate  
  42  4:07  Gateway, Probe  
  42  4:08  Gateway  
  43  4:12  Probe  
  43  4:14  Stalker  
  46  4:19  Probe  
  46  4:21  Immortal  
  47  4:24  Probe  
  48  4:31  Probe  
  48  4:32  Pylon  
  48  4:36  Probe  
  48  4:37  Stalker  
  56  4:41  Void Ray  
  56  4:52  Probe x2  
  62  4:57  Pylon  
  62  4:59  Assimilator  
  62  5:03  Assimilator  
  62  5:14  Observer  
  62  5:19  Stalker x2  
  67  5:22  Zealot  
  65  5:37  Probe x2  
  67  5:47  Robotics Bay  
  67  5:49  Probe  
  69  5:50  Probe  
  69  5:51  Pylon  
  69  5:54  Pylon  
  69  6:02  Probe  
  70  6:07  Pylon  
  70  6:09  Probe  
  71  6:11  Twilight Council  
  71  6:14  Probe, Gateway  
  71  6:15  Gateway  
  71  6:16  Gateway  
  72  6:20  Gateway  
  72  6:21  Gateway, Observer  
  72  6:23  Gateway  
  73  6:25  Gateway  
  73  6:26  Zealot x3  
  73  6:30  Gateway  
  79  6:33  Phoenix  
  79  6:39  Colossus  
  87  6:42  Probe x2  
  89  6:57  Nexus  
  89  6:58  Pylon  
  89  7:01  Pylon  
  89  7:08  Probe  
  89  7:13  Probe  
  89  7:14  Zealot x2  
  94  7:19  Pylon x2  
  94  7:33  Templar Archives  
  94  7:36  Forge  
  94  7:37  Phoenix  
  94  7:38  Forge  
  94  7:41  Pylon  
  96  7:46  Colossus  
  102  7:53  Shield Battery  
  102  7:54  Probe  
  103  8:03  Zealot x3  
  109  8:25  Charge  
  73  8:42  Zealot x8  
  73  8:43  Zealot x3  
  91  9:10  Probe x2  
  91  9:11  Probe  
  91  9:16  Extended Thermal Lance  
  94  9:20  Shield Battery  
  94  9:22  Probe x2  
  94  9:23  Shield Battery, Colossus  
  96  9:24  Shield Battery  
  96  9:25  Pylon  
  96  9:29  Pylon, Phoenix  
  98  9:38  Pylon  
  104  9:46  Assimilator  
  104  9:50  Assimilator, Pylon  
  104  9:52  Pylon  
  104  9:55  Pylon  
  104  9:59  Probe  
  105  10:01  Pylon, Probe  
  105  10:02  Photon Cannon  
  105  10:04  Protoss Ground Weapons Level 1, Photon Cannon  
  105  10:06  Protoss Ground Armor Level 1  
  106  10:07  Phoenix  
  106  10:08  Photon Cannon  
  106  10:11  Psionic Storm  
  108  10:22  Sentry x2  
  108  10:24  High Templar  
  108  10:25  High Templar x3  
  108  10:26  High Templar  
  122  10:29  Archon  
  122  10:32  Zealot x3  
  128  10:37  High Templar  
  130  10:42  Observer  
  130  10:48  Probe x2  
  133  10:58  Zealot x5  
  133  10:59  Zealot, Photon Cannon  
  133  11:02  Photon Cannon  
  113  11:26  Stalker x7  
  113  11:30  Phoenix  
  129  11:35  High Templar x2  
  129  11:38  Zealot  
  135  11:40  Archon  
  135  11:52  Pylon  
  135  11:54  Photon Cannon  
  135  11:56  Photon Cannon  
  135  11:58  Photon Cannon  
  135  12:03  Photon Cannon  
  135  12:04  Probe  
  135  12:06  Photon Cannon  
  136  12:09  Photon Cannon  
  136  12:14  Colossus  
  142  12:19  Protoss Ground Weapons Level 2  
  142  12:20  High Templar  
  142  12:21  High Templar x3  
  150  12:22  Zealot  
  150  12:23  Zealot  
  150  12:25  Archon x2  
  150  12:26  Probe  
  155  12:38  Protoss Ground Armor Level 2  
  155  12:50  Photon Cannon  
  155  12:52  Zealot  
  155  12:53  Zealot x4  
  155  12:54  Zealot  
  167  13:09  Nexus  
  167  13:12  Pylon  
  167  13:14  Pylon  
  167  13:19  Pylon  
  167  13:20  High Templar x4  
  175  13:40  Zealot x5  
  175  13:41  Zealot x2  
  125  14:03  Stalker x3  
  125  14:04  Stalker x4  
  125  14:06  Phoenix  
  107  14:35  Stalker x8  
  123  14:55  Assimilator  
  123  14:59  Assimilator  
  123  15:00  Photon Cannon  
  123  15:02  Zealot x3  
  123  15:03  Photon Cannon  
  123  15:04  Shield Battery  
  123  15:06  High Templar x2, Shield Battery  
  133  15:10  Archon  
  133  15:12  High Templar  
  135  15:14  High Templar x2  
  135  15:15  High Templar x2  
  135  15:19  Archon x2  
  143  15:35  Archon  
  143  15:37  Zealot x4  
  143  15:38  Blink, Zealot x2  
  143  15:42  Phoenix  
  157  15:49  Gravitic Boosters  
  157  15:51  Immortal  
  161  16:04  Zealot x4  
  167  16:07  Phoenix  
  133  16:30  Stalker  
  133  16:31  Zealot  
  133  16:32  Zealot x6  
  107  16:33  Zealot x3  
  93  16:53  Stalker  
  95  16:55  High Templar x3  
  95  16:57  High Templar  
  95  16:58  Zealot  
  95  17:00  Zealot  
  105  17:02  Zealot x4  
  105  17:05  Warp Prism  
  115  17:11  Robotics Facility  
  115  17:12  Robotics Facility  
  115  17:30  Dark Shrine  
  115  17:31  Pylon  
  115  17:35  Pylon  
  115  17:36  Photon Cannon  
  115  17:40  Pylon  
  115  17:44  Nexus  
  115  17:49  Pylon  
  115  17:55  Pylon  
  115  17:58  Stalker  
  115  17:59  Stalker x2  
  115  18:03  High Templar x2  
  125  18:06  Observer  
  126  18:19  Immortal  
  130  18:21  Immortal  
  101  18:39  Stalker  
  101  18:40  Stalker x3  
  108  18:48  Stalker  
  110  18:49  Zealot  
  110  18:52  Sentry  
Show
View Real Time Build Order
Export as new Build Order

Svorceta Terran - Winner!

Build Orders: Reaper Expand 

Get SALT Encoding   

  12  0:01  SCV  
  13  0:13  SCV  
  14  0:19  Supply Depot  
  14  0:25  SCV  
  15  0:40  SCV  
  15  0:42  Barracks  
  16  0:45  Refinery  
  16  0:53  SCV  
  17  1:05  SCV  
  17  1:10  Supply Depot  
  18  1:31  Orbital Command  
  18  1:38  Reaper  
  19  1:48  Command Center  
  19  2:00  Barracks  
  19  2:02  SCV  
  20  2:13  Barracks  
  20  2:14  Barracks Tech Lab  
  20  2:22  SCV  
  21  2:34  Marauder, Stimpack  
  23  2:50  Barracks Tech Lab  
  23  2:59  Marauder  
  23  3:01  Orbital Command  
  23  3:03  Marine  
  27  3:05  SCV  
  27  3:11  Marauder  
  29  3:17  SCV  
  29  3:18  Orbital Command  
  30  3:24  Marine, Marauder  
  33  3:28  Refinery  
  33  3:30  Concussive Shells  
  33  3:32  Marine  
  34  3:35  SCV  
  35  3:42  Marine  
  35  3:45  Marine, SCV  
  35  3:47  SCV  
  38  3:50  Marine  
  39  3:57  SCV  
  39  3:59  SCV  
  39  4:02  Supply Depot  
  42  4:07  Factory  
  42  4:09  SCV, Barracks Reactor  
  42  4:11  SCV  
  43  4:21  SCV  
  43  4:23  SCV  
  45  4:25  Supply Depot  
  45  4:31  Engineering Bay  
  45  4:33  SCV  
  45  4:35  SCV  
  47  4:45  SCV  
  47  4:48  SCV  
  47  4:49  Marine x2, Factory  
  47  4:50  Marine, Marauder  
  47  4:52  Factory Tech Lab  
  54  4:58  SCV, Supply Depot  
  54  4:59  Terran Infantry Weapons Level 1  
  55  5:00  SCV  
  56  5:07  Marine x3  
  56  5:10  SCV  
  56  5:12  SCV  
  61  5:21  Refinery  
  61  5:22  Refinery, Siege Tank, SCV  
  61  5:24  SCV  
  61  5:25  Marine x2  
  66  5:34  SCV  
  58  5:36  SCV  
  58  5:38  Marine x2  
  58  5:39  Factory Tech Lab  
  61  5:43  Marine x2  
  61  5:44  Missile Turret  
  61  5:46  SCV, Missile Turret  
  61  5:48  SCV  
  65  5:53  Supply Depot  
  65  5:56  Marine x2  
  67  5:58  SCV  
  67  6:00  SCV  
  67  6:01  Marine  
  70  6:12  Command Center  
  70  6:14  Supply Depot  
  70  6:15  Marine, Siege Tank  
  74  6:21  Marine x2  
  74  6:22  Marine  
  77  6:26  Missile Turret  
  77  6:35  Combat Shield, Siege Tank  
  77  6:39  Marine x4  
  83  6:43  Missile Turret  
  84  6:47  Starport  
  84  6:56  Marine  
  84  6:57  Terran Infantry Armor Level 1, Marine  
  86  7:03  Supply Depot  
  86  7:06  Supply Depot  
  86  7:23  Marine x3, Siege Tank  
  86  7:26  Supply Depot  
  92  7:42  Planetary Fortress  
  91  7:44  Missile Turret  
  91  7:46  Missile Turret, Starport Reactor  
  91  7:48  Siege Tank  
  91  7:49  Missile Turret  
  91  7:50  SCV  
  91  7:51  SCV  
  96  7:52  Missile Turret x2  
  71  8:44  Marine  
  71  8:45  Marine x3  
  75  8:52  Siege Tank x2  
  81  9:02  Marine x2  
  75  9:03  Marine, Command Center, Marauder  
  75  9:06  Medivac x2  
  70  9:13  Starport  
  70  9:18  Barracks  
  70  9:19  Barracks  
  70  9:20  Marine x2  
  70  9:21  Marine, SCV x2  
  70  9:22  Refinery x2  
  75  9:24  Siege Tank x2, Marine  
  82  9:33  SCV x2  
  82  9:36  Medivac x2  
  82  9:38  Marine x2  
  89  9:39  Marauder  
  89  9:42  Marine  
  93  9:45  SCV x2  
  95  9:53  Missile Turret, Hi-Sec Auto Tracking  
  95  9:56  Marine x2, Siege Tank x2  
  95  9:57  SCV  
  95  9:58  SCV  
  105  10:00  Marine x2  
  105  10:06  Medivac x2  
  111  10:09  Starport Reactor  
  111  10:10  SCV x2  
  111  10:13  Marine  
  111  10:14  Marine  
  114  10:17  Armory, Marine  
  114  10:18  Marauder  
  118  10:22  SCV x2  
  123  10:28  Siege Tank  
  123  10:29  Planetary Fortress  
  123  10:31  Marine x2, Siege Tank  
  123  10:35  Marine  
  128  10:36  SCV x2, Medivac  
  128  10:39  Marine  
  134  10:44  Supply Depot  
  134  10:45  Supply Depot  
  134  10:48  SCV x2  
  134  10:49  Marine  
  137  10:54  Marine, Marauder  
  140  11:05  SCV  
  140  11:06  Marine  
  140  11:07  Marine  
  140  11:12  Marine  
  140  11:15  Marine  
  139  11:24  Marine  
  139  11:25  Marine  
  137  11:28  Barracks Tech Lab x2  
  137  11:30  Marine, Liberator, Medivac  
  141  11:33  Marine  
  142  11:41  Refinery, Marine  
  142  11:42  Viking x2  
  142  11:43  Marine  
  142  11:44  Refinery  
  148  11:47  Marine  
  148  11:48  Terran Ship Weapons Level 1  
  148  11:49  Armory x2  
  148  11:51  Marine  
  150  11:58  Siege Tank x2  
  156  12:11  Supply Depot  
  156  12:12  Supply Depot  
  156  12:19  Supply Depot  
  156  12:20  Supply Depot  
  156  12:21  Terran Infantry Weapons Level 2  
  156  12:22  Supply Depot x2  
  156  12:26  Engineering Bay  
  156  12:32  Marine x3, Siege Tank  
  156  12:33  Marauder, Marine x2, Liberator, Siege Tank  
  156  12:35  Supply Depot  
  172  12:40  Liberator  
  172  12:41  Viking x2, SCV  
  172  12:42  SCV x2  
  182  12:45  Missile Turret  
  182  12:50  Marine x3  
  185  12:51  Marine  
  185  12:52  Marauder  
  185  12:54  Marine  
  189  13:05  Missile Turret  
  189  13:07  Command Center, Terran Vehicle Weapons Level 1, Terran Vehicle And Ship Armor Level 1  
  189  13:08  Marine x3  
  189  13:09  Marine  
  189  13:11  Viking x2, Marine  
  198  13:16  Medivac  
  200  13:24  Missile Turret  
  130  14:12  Siege Tank x2  
  130  14:13  Liberator, Viking  
  130  14:15  Viking x2  
  110  14:38  Marine x4, Marauder  
  108  14:39  Marine  
  108  14:43  Viking  
  108  14:44  Siege Tank x2  
  108  14:45  Viking x2  
  123  14:46  Planetary Fortress  
  123  14:47  SCV x2  
  123  14:48  SCV, Factory  
  123  14:49  Factory  
  128  14:56  Marine x5, Viking  
  128  14:59  Marine, SCV  
  138  15:00  SCV x2  
  139  15:11  SCV  
  139  15:12  SCV x2  
  139  15:13  Viking  
  139  15:14  Marine x4  
  144  15:15  Marauder, Viking, Medivac  
  144  15:17  Marine, Terran Vehicle Weapons Level 2, Terran Vehicle And Ship Armor Level 2  
  155  15:24  SCV x3, Terran Infantry Weapons Level 3  
  155  15:26  Viking  
  155  15:28  Terran Ship Weapons Level 2  
  160  15:32  Marine x4  
  160  15:35  Marine  
  165  15:36  Marine, SCV x3  
  165  15:38  Terran Infantry Armor Level 2  
  169  15:43  Viking  
  169  15:45  Medivac x2  
  169  15:49  Marine  
  175  15:50  Marine x3  
  175  15:53  Marine x2  
  175  15:56  Liberator  
  184  16:07  Marine x2  
  184  16:08  Marine, Marauder  
  184  16:11  Marine x2  
  189  16:25  Marine x3  
  186  16:28  Marine  
  186  16:29  Marine x2  
  147  16:43  Marine  
  147  16:46  Marine  
  138  16:50  Siege Tank x2  
  138  16:52  Marine  
  138  16:53  Marine x2, Marauder  
  149  17:01  Marine  
  149  17:04  Factory Tech Lab x2, Marine  
  151  17:10  Marine x2  
  151  17:11  Marine, Refinery  
  151  17:12  Refinery  
  151  17:14  Marine  
  155  17:17  Command Center  
  155  17:19  Marine  
  155  17:22  Siege Tank x2, Marine  
  163  17:28  Marine x3  
  163  17:29  Command Center, Siege Tank  
  172  17:30  Siege Tank  
  172  17:31  Marine  
  172  17:35  Liberator x3  
  172  17:37  Marine  
  182  17:40  Marine  
  184  17:46  Marine x2  
  184  17:47  Marauder  
  184  17:49  Marine  
  184  17:51  Missile Turret x2  
  189  17:54  Siege Tank x2, Marine  
  189  17:57  Marine  
  197  18:01  Siege Tank  
  197  18:02  Command Center  
  200  18:24  Missile Turret  
  200  18:26  Missile Turret  
  200  18:30  Missile Turret  
  198  18:35  Missile Turret  
Tags
 
Add a new tag
Caveats
  • Supply blocks, unpowered buildings, or Contaminate may cause inaccurate times.
  • Supply counts are checked every 10 seconds.